 Dungeon Sprint DCSS version 0.27-a0-1456-gf5a116941d (webtiles) character file.

Game seed: 16384375434836819305

354 mhtbhm the Fighter (level 6, -23/47 HPs)
             Began as a Kobold Berserker on July 5, 2021.
             Was a High Priest of Trog.
             Annihilated by a death knight (34 damage)
             ... in the Dungeon (Sprint IX: "|||||||||||||||||||||||||||||").
             The game lasted 00:01:19 (422 turns).

mhtbhm the Fighter (Kobold Berserker)                Turns: 422, Time: 00:01:20

Health: -23/47     AC:  4    Str: 16    XL:     6   Next: 94%
Magic:  6/6        EV: 17    Int: 15    God:    Trog [*****.]
Gold:   0          SH:  0    Dex: 14    Spells: 5/5 levels left

rFire    . . .     SeeInvis .   a - +0 flail
rCold    . . .     Faith    .   (shield restricted)
rNeg     . . .     Spirit   .   b - +0 animal skin
rPois    .         Reflect  .   k - +0 helmet
rElec    .         Harm     .   (no cloak)
rCorr    .         Rampage  .   (no gloves)
Will     .....     NoTele   +   l - +0 pair of boots
Stlth    ++........             (no amulet)
HPRegen  0.15/turn              m - +3 ring of intelligence
MPRegen  0.10/turn              n - +3 ring of intelligence

@: on berserk cooldown, slowed, very slow
A: small, no large weapons, nightstalker 3
a: Renounce Religion, Berserk, Trog's Hand, Brothers in Arms


You were in the Dungeon.
You worshipped Trog.
Trog was extremely pleased with you.
You visited 1 branch

Inventory:

Hand Weapons
 a - a +0 flail (weapon)
Missiles
 o - 3 poisoned darts (quivered)
Armour
 b - a +0 animal skin (worn)
 k - a +0 helmet (worn)
 l - a +0 pair of boots (worn)
Jewellery
 m - a +3 ring of intelligence (left hand)
 n - a +3 ring of intelligence (right hand)
Wands
 j - a wand of acid (7)
Scrolls
 h - a scroll of blinking
Potions
 c - 5 potions of curing
 d - a potion of heal wounds
 e - a potion of haste
 f - 4 potions of magic
 g - a potion of berserk rage
 i - a potion of invisibility


   Skills:
 + Level 9.5 Fighting
 + Level 8.6 Maces & Flails
 + Level 3.5 Armour
 + Level 6.3 Dodging


You had 5 spell levels left.
You didn't know any spells.
Your spell library was empty.

Dungeon Overview and Level Annotations

Branches:
Dungeon (1/1)

Altars:
Cheibriados
Dithmenos
Elyvilon
Fedhas
Gozag
Hepliaklqana
Kikubaaqudgha
Makhleb
Nemelex Xobeh
Okawaru
Qazlal
Ru
Sif Muna
Trog
Uskayaw
Vehumet
Wu Jian
Xom
Yredelemnul
Zin
The Shining One
Beogh
Jiyva
Lugonu


Innate Abilities, Weirdness & Mutations

You are small and have problems with some larger weapons.
You are completely attuned to the shadows.


Message History

Press: ? - help, Shift-Dir - straight line, f/p - deep elf pyromancer
Aim: a deep elf pyromancer, wielding a +0 long sword and wearing a +0 leather armour (moderately wounded, covered in acid, 60% to hit)
The bolt of acid hits the deep elf pyromancer!
The deep elf pyromancer is splashed with acid.
The deep elf pyromancer is almost dead.
The bolt of acid hits the death knight!
The death knight is splashed with acid.
The death knight is heavily wounded.
The bolt of acid hits the cyclops!
The cyclops is splashed with acid.
The cyclops is heavily wounded.
The death knight hits you from afar with a +0 glaive.
The deep elf pyromancer hits you with a +0 long sword!
* * * LOW HITPOINT WARNING * * *
Unknown command.
Unknown command.
Okay, then.
Aiming: Corrosive Bolt
Press: ? - help, Shift-Dir - straight line, f/p - deep elf pyromancer
Aim: a deep elf pyromancer, wielding a +0 long sword and wearing a +0 leather armour (almost dead, covered in acid, 60% to hit)
The bolt of acid hits the deep elf pyromancer!
The deep elf pyromancer is splashed with acid.
The deep elf pyromancer seems to be corroded for longer.
You kill the deep elf pyromancer!
Trog accepts your kill.
Trog will now gift you melee weapons as you gain piety.
Trog appreciates your killing of a magic user.
The bolt of acid hits the death knight!
The death knight is splashed with acid.
The death knight seems to be corroded for longer.
The death knight is severely wounded.
The bolt of acid hits the cyclops!
The cyclops is splashed with acid.
The acid corrodes the cyclops!
The cyclops is severely wounded.
The bolt of acid hits the deep elf pyromancer!
The deep elf pyromancer is splashed with acid.
The acid corrodes the deep elf pyromancer!
The deep elf pyromancer is heavily wounded.
The death knight closely misses you.
The deep elf pyromancer mumbles some strange words.
The death knight hits you from afar with a +0 glaive!!
Ouch! That really hurt!
You die... ▓▓▓▓▓▓▓▓▓▓▓▓▓▓▓▓▓▓▓▓▓▓▓▓▓▓ ____'.?)...[..).@)pCe'pCe. ▓▓▓▓▓▓▓▓▓▓▓▓▓▓▓▓▓▓▓▓▓▓▓▓▓▓

You could see a death knight (corroded), a cyclops (corroded) and a deep elf pyromancer (corroded).

Vanquished Creatures
  A deep elf pyromancer (D)
  A centaur (D)
  A kobold brigand (D)
  A scorpion (D)
  2 howler monkeys (D)
  2 orc priests (D)
  A white imp (D)
  A bat zombie (D)
  A ball python skeleton (D)
  A ball python zombie (D)
  A bat (D)
  2 frilled lizards (D)
  2 rats (D)
17 creatures vanquished.

Notes
Turn   | Place    | Note
-------+----------+-------------------------------------------
     0 | D        | mhtbhm the Kobold Berserker began the quest for the Orb.
     0 | D        | Reached XP level 1. HP: 14/14 MP: 1/1
     0 | D        | Banished a spatial maelstrom
     9 | D        | Reached ** piety under Trog
   153 | D        | Noticed a scorpion
   158 | D        | Killed a scorpion
   159 | D        | Reached skill level 5 in Fighting
   159 | D        | Reached skill level 5 in Maces & Flails
   159 | D        | Reached XP level 2. HP: 22/22 MP: 2/2
   159 | D        | Reached XP level 3. HP: 27/27 MP: 3/3
   159 | D        | Reached XP level 4. HP: 32/32 MP: 4/4
   160 | D        | Reached *** piety under Trog
   161 | D        | Reached skill level 6 in Fighting
   218 | D        | Found a snail-covered altar of Cheibriados.
   218 | D        | Found a shadowy altar of Dithmenos.
   219 | D        | Found a white marble altar of Elyvilon.
   220 | D        | Found a blossoming altar of Fedhas.
   221 | D        | Found an opulent altar of Gozag.
   222 | D        | Found a hazy altar of Hepliaklqana.
   223 | D        | Found a viscous altar of Jiyva.
   224 | D        | Found an ancient bone altar of Kikubaaqudgha.
   225 | D        | Found a corrupted altar of Lugonu.
   226 | D        | Found a burning altar of Makhleb.
   227 | D        | Found a sparkling altar of Nemelex Xobeh.
   228 | D        | Found an iron altar of Okawaru.
   229 | D        | Found a stormy altar of Qazlal.
   230 | D        | Found a sacrificial altar of Ru.
   231 | D        | Found a shimmering blue altar of Sif Muna.
   232 | D        | Found a bloodstained altar of Trog.
   233 | D        | Found a hide-covered altar of Uskayaw.
   234 | D        | Found a radiant altar of Vehumet.
   235 | D        | Found an ornate altar of the Wu Jian Council.
   236 | D        | Found a shimmering altar of Xom.
   237 | D        | Found a basalt altar of Yredelemnul.
   238 | D        | Found a glowing silver altar of Zin.
   239 | D        | Found a glowing golden altar of the Shining One.
   280 | D        | Reached **** piety under Trog
   280 | D        | Noticed a centaur
   281 | D        | Reached skill level 7 in Fighting
   281 | D        | Reached XP level 5. HP: 38/38 MP: 5/5
   281 | D        | Noticed a kobold brigand
   289 | D        | Killed a centaur
   290 | D        | Reached skill level 8 in Fighting
   290 | D        | Reached skill level 5 in Dodging
   290 | D        | Reached XP level 6. HP: 45/45 MP: 6/6
   295 | D        | Reached skill level 9 in Fighting
   306 | D        | Reached ***** piety under Trog
   399 | D        | Noticed a deep elf pyromancer
   399 | D        | Noticed a death knight
   399 | D        | Noticed a cyclops
   400 | D        | Noticed a fire elemental
   415 | D        | Noticed a deep elf pyromancer
   422 | D        | Killed a deep elf pyromancer
   422 | D        | Annihilated by a death knight

Illustrated notes

Levels and vault maps discovered:
D:        linesprint [early_d, line_temple, items_1, d_10, items_2, lair_1,
          lair_end, items_3, orc_1, orc_end, items_4, d_15, swamp_1, shoals_1,
          snake_1, spider_1, d_20, vaults_1, items_5, swamp_end, shoals_end,
          snake_end, spider_end, vaults_end, d_27, items_6, zot_1, zot_end,
          crypt_end, forest_end, elf_end, slime_end, tomb_end, abyss_end,
          pan_hell_end]

Skill      XL: |  1  2  3  4  5  6 |
---------------+-------------------+-----
Maces & Flails | 5 6 7 8 |  8.6
Fighting       | 5 7 8 9 |  9.5
Armour         | 2 3 |  3.5
Dodging        | 3 4 5 6 |  6.3

Action                   |  1- 3 |  4- 6 || total
-------------------------+-------+-------++-------
Melee: Mace              |    11 |     7 ||    18
       Flail             |       |    39 ||    39
Invok: Berserk           |     2 |     2 ||     4
Evoke: Wand              |       |     3 ||     3
  Use: Potion            |       |     2 ||     2
       Scroll            |       |     1 ||     1
Armor: Animal skin       |       |    12 ||    12
Dodge: Dodged            |     5 |    35 ||    40

Table legend: (Time is in decaauts)
 A = Elapsed time spent in this place.
 B = Non-inter-level travel time spent in this place.
 C = Inter-level travel time spent in this place.
 D = Time resting spent in this place.
 E = Time spent auto-exploring this place.
 F = Levels seen in this place.
 G = Mean time per level.
                   A        B        C        D        E       F      G
               +--------+--------+--------+--------+--------+-----+--------+
         Total |    441 |    441 |      0 |    279 |      0 |   1 |  441.0 |
       Dungeon |    441 |    441 |      0 |    279 |      0 |   1 |  441.0 |
               +--------+--------+--------+--------+--------+-----+--------+

Top non-repeatable levels by time:
       D: 441 daAuts
